[Event "ICC tourney 2809 (40 10)"]
[Site "Internet Chess Club"]
[Date "2022.01.29"]
[Round "2"]
[White "Vishwa, Susheel:sushivishwa"]
[Black "MAZUMDAR, SHAURYA:raremystery"]
[Result "1-0"]
[ICCResult "Black forfeits on time"]
[WhiteElo "1796"]
[BlackElo "1682"]
[Opening "Giuoco Piano"]
[ECO "C54"]
[NIC "IG.02"]
[Time "13:15:26"]
[PlyCount "161"]
[TimeControl "2400+10"]

1. e4 e5 2. Nf3 Nc6 3. Bc4 Bc5 4. c3 Nf6 5. d4 exd4 6. e5 d5 7. Bb5 Ne4 8.
cxd4 Bb6 9. Nc3 Bg4 10. Be3 O-O 11. h3 Bxf3 12. gxf3 Nxc3 13. bxc3 f6 14. f4
fxe5 15. fxe5 Nxe5 16. dxe5 Bxe3 17. fxe3 Qh4+ 18. Kd2 Rf2+ 19. Kc1 Qe4 20.
Re1 Raf8 21. Qd3 Qxe5 22. Ba4 d4 23. Bb3+ Kh8 24. Bc2 Qh5 25. Qxd4 Qxh3 26.
Kb2 Qg2 27. Rac1 Rd2 28. Qh4 h6 29. Qe7 Qf2 30. Rh1 Rf6 31. Rxh6+ Kg8 32.
Rxf6 Qxf6 33. Qe8+ Qf8 34. Qg6 Qf6 35. Qh7+ Kf7 36. Qh5+ Ke7 37. Qc5+ Qd6
38. Qxd6+ Rxd6 39. Rg1 Rb6+ 40. Bb3 Kf6 41. Kc2 g5 42. e4 Ke5 43. Kd3 Rd6+
44. Ke3 Rg6 45. Bd5 c6 46. Bf7 Rg7 47. Bh5 b6 48. Bg4 Rh7 49. Bf5 Rg7 50.
Rd1 a5 51. Rd8 g4 52. Re8+ Kd6 53. Re6+ Kc7 54. Rg6 Rf7 55. Rxg4 Rf8 56. Rg2
Kd6 57. Kd4 c5+ 58. Ke3 b5 59. Rg6+ Kc7 60. Ra6 a4 61. c4 bxc4 62. Rxa4 c3
63. Kd3 Rd8+ 64. Kxc3 Kd6 65. Kc4 Kc6 66. Ra5 Rd4+ 67. Kc3 Rb4 68. Ra6+ Kb5
69. Rh6 Rc4+ 70. Kd3 Rd4+ 71. Ke3 Rd1 72. Rh2 c4 73. Rd2 Re1+ 74. Kd4 Rc1
75. Bd7+ Kb4 76. e5 c3 77. Rd3 c2 78. Bf5 Rd1 79. e6 Rxd3+ 80. Bxd3 c1=Q 81.
e7 {Black forfeits on time} 1-0

[Event "ICC tourney 2809 (40 10)"]
[Site "Internet Chess Club"]
[Date "2022.01.29"]
[Round "3"]
[White "JACKSON, MASSIMO MATEO:Yeetamus123"]
[Black "WIENER, JACK:jackwiener"]
[Result "1-0"]
[ICCResult "Black checkmated"]
[WhiteElo "1093"]
[BlackElo "1553"]
[Opening "Sicilian: closed"]
[ECO "B23"]
[NIC "SI.44"]
[Time "15:30:23"]
[PlyCount "49"]
[TimeControl "2400+10"]

1. e4 c5 2. Nc3 e6 3. f4 Nc6 4. Nf3 Be7 5. Bb5 Nd4 6. O-O Nxb5 7. Nxb5 Nf6
8. e5 Nd5 9. d4 O-O 10. c4 Nb6 11. b3 cxd4 12. Nbxd4 Bc5 13. Be3 d6 14. Nc2
Bxe3+ 15. Nxe3 d5 16. cxd5 exd5 17. f5 Re8 18. Qd2 h6 19. f6 g5 20. Rad1 Be6
21. h4 g4 22. Nxg4 Bxg4 23. Qxh6 Qxf6 24. exf6 Re2 25. Qg7# {Black
checkmated} 1-0

[Event "ICC tourney 2809 (40 10)"]
[Site "Internet Chess Club"]
[Date "2022.01.29"]
[Round "3"]
[White "SHANKAR, AASHRITHA VIDHYA:aashushankar"]
[Black "GINZBURG, LIORA:Liopleuradon15"]
[Result "0-1"]
[ICCResult "White checkmated"]
[WhiteElo "1403"]
[BlackElo "1656"]
[Opening "Ruy Lopez: Berlin defense, 4.O-O, d6"]
[ECO "C66"]
[NIC "RL.07"]
[Time "15:30:42"]
[PlyCount "52"]
[TimeControl "2400+10"]

1. e4 e5 2. Nf3 Nc6 3. Bb5 Nf6 4. O-O d6 5. d4 exd4 6. Nxd4 Bd7 7. Re1 Be7
8. Nc3 O-O 9. Nxc6 bxc6 10. Bf1 Be6 11. b3 d5 12. exd5 cxd5 13. Bb2 c6 14.
Ba6 Rb8 15. Ne2 Qb6 16. Bd3 c5 17. Rb1 Rfd8 18. Nf4 Bg4 19. f3 c4+ 20. Kh1
cxd3 21. fxg4 Bd6 22. Nxd3 Ne4 23. Qe2 Bc7 24. Rbd1 Qh6 25. Kg1 Qxh2+ 26.
Kf1 Qh1# {White checkmated} 0-1

[Event "ICC tourney 2809 (40 10)"]
[Site "Internet Chess Club"]
[Date "2022.01.29"]
[Round "3"]
[White "GEVORGYAN, DAVIT:Davo29"]
[Black "WAKIDA, KEN:Yamato1945"]
[Result "1-0"]
[ICCResult "Black resigns"]
[WhiteElo "1761"]
[BlackElo "1617"]
[Opening "Caro-Kann: exchange, Rubinstein variation"]
[ECO "B13"]
[NIC "CK.02"]
[Time "15:30:15"]
[PlyCount "87"]
[TimeControl "2400+10"]

1. e4 c6 2. d4 d5 3. exd5 cxd5 4. Bd3 Nc6 5. c3 Nf6 6. Bf4 Bg4 7. Qb3 Qd7 8.
Nd2 e6 9. h3 Bh5 10. Ngf3 Bg6 11. Bxg6 hxg6 12. Ne5 Qc8 13. Ndf3 Nxe5 14.
Nxe5 Be7 15. Qa4+ Nd7 16. Kd2 Bf6 17. Nxd7 Qxd7 18. Qxd7+ Kxd7 19. Rhe1 Rh5
20. Be5 Bxe5 21. Rxe5 Rah8 22. Rae1 Rxe5 23. Rxe5 Rh5 24. Kd3 Kd6 25. Rxh5
gxh5 26. c4 a6 27. c5+ Kc6 28. a4 Kd7 29. b4 f6 30. f4 g6 31. h4 f5 32. Kc3
Kc6 33. Kb3 Kc7 34. a5 Kd7 35. b5 Kc7 36. c6 b6 37. bxa6 Kxc6 38. a7 Kb7 39.
axb6 e5 40. dxe5 g5 41. hxg5 d4 42. e6 d3 43. e7 d2 44. Kc2 {Black resigns}
1-0

[Event "ICC tourney 2809 (40 10)"]
[Site "Internet Chess Club"]
[Date "2022.01.29"]
[Round "3"]
[White "Saxena, Ansh:Anshs101"]
[Black "GHOSH, PRARTHAN:playerlucky"]
[Result "0-1"]
[ICCResult "White checkmated"]
[WhiteElo "1301"]
[BlackElo "1863"]
[Opening "King's Indian: Larsen variation"]
[ECO "E90"]
[NIC "KI.21"]
[Time "15:30:32"]
[PlyCount "70"]
[TimeControl "2400+10"]

1. d4 Nf6 2. c4 g6 3. Nc3 Bg7 4. e4 d6 5. Nf3 O-O 6. Be3 Na6 7. Be2 e5 8.
dxe5 dxe5 9. Nxe5 Nxe4 10. Nxe4 Bxe5 11. Rb1 Bf5 12. f3 Qxd1+ 13. Rxd1 Bxe4
14. fxe4 Bxb2 15. O-O Be5 16. Bh6 Rfd8 17. Rb1 b6 18. Bf4 Bd4+ 19. Kh1 c5
20. Rf3 Re8 21. Rff1 Rxe4 22. Bf3 Rxf4 23. Bxa8 Rg4 24. Bd5 Nb4 25. Rxf7
Nxd5 26. Rxa7 Nb4 27. a3 Nd3 28. Rxb6 Nf2+ 29. Kg1 Nh3+ 30. Kf1 Rf4+ 31. Ke1
Bf2+ 32. Kd1 Rd4+ 33. Ke2 Re4+ 34. Kf3 Re3+ 35. Kg4 h5# {White checkmated}
0-1

[Event "ICC tourney 2809 (40 10)"]
[Site "Internet Chess Club"]
[Date "2022.01.29"]
[Round "3"]
[White "DALONZO, JONATHAN:JDD01"]
[Black "Liao, Connor:che2468"]
[Result "1-0"]
[ICCResult "Black checkmated"]
[WhiteElo "1649"]
[BlackElo "1511"]
[Opening "Sicilian"]
[ECO "B56"]
[NIC "SI.25"]
[Time "15:30:41"]
[PlyCount "123"]
[TimeControl "2400+10"]

1. e4 c5 2. Nf3 d6 3. d4 cxd4 4. Nxd4 Nf6 5. Nc3 Nc6 6. Be3 Ng4 7. Nxc6 Nxe3
8. Nxd8 Nxd1 9. Rxd1 Kxd8 10. e5 a6 11. Bc4 e6 12. exd6 b5 13. Be2 Bb7 14.
O-O Kd7 15. Rd2 g6 16. a4 b4 17. Na2 a5 18. c3 Bc6 19. b3 Rb8 20. cxb4 axb4
21. Rd4 Bg7 22. Rxb4 Rxb4 23. Nxb4 Rb8 24. Nxc6 Kxc6 25. Rd1 Bf6 26. Bb5+
Kb7 27. d7 Bd8 28. Rc1 h6 29. Kf1 Bc7 30. h3 Bb6 31. b4 Bc7 32. Ba6+ Kxa6
33. Rxc7 Rd8 34. Rc6+ Kb7 35. Rd6 Kc7 36. Rd2 e5 37. a5 Rxd7 38. Rxd7+ Kxd7
39. b5 Kc7 40. a6 Kb6 41. Ke2 f5 42. Ke3 g5 43. Kf3 e4+ 44. Ke3 h5 45. f3
exf3 46. Kxf3 Ka7 47. h4 gxh4 48. Kf4 Kb6 49. Kxf5 Ka7 50. Kg5 h3 51. gxh3
h4 52. Kxh4 Kb6 53. Kg5 Ka7 54. h4 Kb6 55. h5 Ka7 56. h6 Kb6 57. h7 Ka7 58.
h8=Q Kb6 59. Qd4+ Kc7 60. b6+ Kc8 61. Qg7 Kb8 62. Qb7# {Black checkmated}
1-0

[Event "ICC tourney 2809 (40 10)"]
[Site "Internet Chess Club"]
[Date "2022.01.29"]
[Round "3"]
[White "RAMASWAMY, PUDUR:clair"]
[Black "WU, ISAAC MENGYUAN:IsaacMengyuanWu"]
[Result "0-1"]
[ICCResult "White checkmated"]
[WhiteElo "1764"]
[BlackElo "1449"]
[Opening "Queen's pawn, Mason variation"]
[ECO "D00"]
[NIC "QP.08"]
[Time "15:30:54"]
[PlyCount "138"]
[TimeControl "2400+10"]

1. d4 d5 2. Bf4 Nf6 3. e3 c6 4. Nf3 Bf5 5. c4 e6 6. Nc3 Be7 7. cxd5 exd5 8.
Qb3 Qb6 9. Be2 O-O 10. O-O h6 11. h3 Nbd7 12. Na4 Qxb3 13. axb3 Rfe8 14. b4
Bxb4 15. Nc3 Bxc3 16. bxc3 Ne4 17. Ra3 a6 18. Rb3 b5 19. Ra1 a5 20. Ne5 Nxe5
21. Bxe5 a4 22. Rba3 Nd2 23. Bd6 Nb1 24. R3a2 Nxc3 25. Ra3 Nxe2+ 26. Kf1
Nxd4 27. exd4 Re6 28. Bb4 Rae8 29. Rc1 Rc8 30. Rac3 Rg6 31. Re1 Re6 32. Rec1
Bg6 33. Ra3 Re4 34. Bc5 Rce8 35. Ra2 R4e6 36. Rb2 Bd3+ 37. Kg1 Re1+ 38. Rxe1
Rxe1+ 39. Kh2 Re2 40. Rxe2 Bxe2 41. h4 f6 42. Kg3 Kf7 43. Kf4 Bc4 44. g3 g5+
45. hxg5 hxg5+ 46. Ke3 Ke6 47. g4 f5 48. f3 f4+ 49. Kd2 Kd7 50. Bb4 Ke6 51.
Bc5 Bb3 52. Bb4 Bc4 53. Bc5 Bf1 54. Bb4 Bg2 55. Ke2 Kd7 56. Kf2 Bh1 57. Kg1
Bxf3 58. Kf2 Bxg4 59. Bc5 Ke6 60. Bb4 Kf5 61. Bc5 Bh5 62. Be7 g4 63. Bc5 g3+
64. Kg1 f3 65. Bd6 Ke4 66. Bc5 Ke3 67. Bb6 f2+ 68. Kf1 Bf3 69. Bc7 g2#
{White checkmated}
0-1

[Event "ICC tourney 2809 (40 10)"]
[Site "Internet Chess Club"]
[Date "2022.01.29"]
[Round "3"]
[White "SILVESTRE, ROMULO:visionaryman"]
[Black "ANNAGELDIYEV, ASHYR:Ashyr"]
[Result "1-0"]
[ICCResult "Black checkmated"]
[WhiteElo "1802"]
[BlackElo "1712"]
[Opening "Queen's pawn: London system"]
[ECO "A45"]
[NIC "QP.07"]
[Time "15:30:54"]
[PlyCount "79"]
[TimeControl "2400+10"]

1. d4 Nf6 2. Bf4 g6 3. e3 Bg7 4. Be2 O-O 5. Nd2 d6 6. c3 Nbd7 7. h4 e5 8.
Bg3 exd4 9. cxd4 h5 10. Ngf3 b6 11. Rc1 Bb7 12. Qc2 Rc8 13. O-O Qe7 14. Ng5
c5 15. Qa4 a5 16. Bf3 d5 17. Qa3 Rfe8 18. Nc4 Rc6 19. Ne5 Rcc8 20. Nexf7 Rc6
21. Ne5 Rcc8 22. Nxg6 Qd8 23. Nf4 Nf8 24. dxc5 bxc5 25. Rxc5 Qd7 26. Qxa5
Ra8 27. Qc7 Rxa2 28. Qb6 Ra6 29. Qb3 Qd6 30. Rfc1 Rb6 31. Rb5 Rxb5 32. Qxb5
Ba6 33. Qa4 Ne4 34. Bxe4 dxe4 35. Rc6 Qd2 36. Qxa6 Qxb2 37. Qc4+ Kh8 38. Rc8
Qa1+ 39. Kh2 Re7 40. Ng6# {Black checkmated} 1-0

[Event "ICC tourney 2809 (40 10)"]
[Site "Internet Chess Club"]
[Date "2022.01.29"]
[Round "3"]
[White "EKSTROM, ROLAND GABRIEL:EkstromVT2"]
[Black "YAO, HONGZE:Easonyao"]
[Result "0-1"]
[ICCResult "White checkmated"]
[WhiteElo "1426"]
[BlackElo "1392"]
[Opening "Nimzo-Indian: Leningrad variation"]
[ECO "E30"]
[NIC "NI.25"]
[Time "15:30:35"]
[PlyCount "118"]
[TimeControl "2400+10"]

1. d4 Nf6 2. c4 e6 3. Nc3 Bb4 4. Bg5 O-O 5. Nf3 b6 6. e3 Bb7 7. Bd3 h6 8.
Bh4 d5 9. cxd5 exd5 10. h3 Qd6 11. O-O Bxc3 12. bxc3 Ne4 13. Qc2 f5 14. Ne5
Nd7 15. Bxe4 fxe4 16. Bg3 Nxe5 17. Bxe5 Qe7 18. c4 Ba6 19. Rfc1 Bxc4 20. Qa4
Rf5 21. Qc6 Raf8 22. Rc2 Qf7 23. Qxc7 Rxf2 24. Qxf7+ R2xf7 25. Kh2 Rf1 26.
Rxf1 Rxf1 27. a3 b5 28. Bd6 Rd1 29. Bb4 Kf7 30. g4 Ke6 31. Rf2 Rd3 32. Re2
Rxa3 33. Bxa3 Bxe2 34. Kg3 a5 35. Kf2 Bd3 36. Ke1 g6 37. Kd2 h5 38. gxh5
gxh5 39. Kc3 b4+ 40. Bxb4 axb4+ 41. Kxb4 Bc4 42. Kc3 Kf5 43. Kd2 Kg5 44. Ke1
Kh4 45. Kf2 Kxh3 46. Kg1 Kg3 47. Kh1 Kf3 48. Kh2 Kxe3 49. Kh3 Kxd4 50. Kh4
e3 51. Kxh5 e2 52. Kg4 e1=Q 53. Kf5 Qe5+ 54. Kg4 Be2+ 55. Kh4 Qg7 56. Kh3
Qg5 57. Kh2 Qg4 58. Kh1 Bf3+ 59. Kh2 Qg2# {White checkmated} 0-1

[Event "ICC tourney 2809 (40 10)"]
[Site "Internet Chess Club"]
[Date "2022.01.29"]
[Round "3"]
[White "LEONG, ANSON:CaptainAL13"]
[Black "SHOOR, RAJESH:shoorrk"]
[Result "0-1"]
[ICCResult "White checkmated"]
[WhiteElo "1381"]
[BlackElo "1631"]
[Opening "Sicilian: Keres variation (2.Ne2)"]
[ECO "B20"]
[NIC "SI.48"]
[Time "15:31:31"]
[PlyCount "154"]
[TimeControl "2400+10"]

1. e4 c5 2. Ne2 g6 3. Nbc3 Bg7 4. g3 Nc6 5. Bg2 e5 6. d3 Nge7 7. Be3 b6 8.
O-O O-O 9. f4 d6 10. Qd2 f5 11. fxe5 dxe5 12. exf5 Bxf5 13. Bg5 Rc8 14. Bxc6
Rxc6 15. Nd1 e4 16. Bxe7 Qxe7 17. dxe4 Rd6 18. Qe3 Qxe4 19. Qxe4 Bxe4 20.
Ndc3 Bxc2 21. Rxf8+ Kxf8 22. Rf1+ Kg8 23. Nb5 Rd7 24. Nbc3 a6 25. Nf4 Bf5
26. Nfd5 Bd4+ 27. Kg2 Rxd5 28. Nxd5 Be4+ 29. Kh3 Bxd5 30. b3 Kg7 31. g4 a5
32. Re1 Kf7 33. Kg3 a4 34. bxa4 Bxa2 35. Kf3 Bd5+ 36. Ke2 Kf6 37. Kd3 Bc6
38. a5 bxa5 39. h4 a4 40. Rf1+ Kg7 41. Re1 Kf7 42. Kc4 Bd7 43. Rf1+ Kg7 44.
Re1 Bxg4 45. Re7+ Kh6 46. Ra7 Be6+ 47. Kd3 Bb3 48. Ra5 Bb2 49. Rxc5 a3 50.
Ke4 a2 51. Ra5 a1=Q 52. Rxa1 Bxa1 53. Kf3 Kh5 54. Kg3 h6 55. Kh3 Be6+ 56.
Kg3 Be5+ 57. Kg2 Kxh4 58. Kh1 Kg3 59. Kg1 Bd5 60. Kf1 h5 61. Kg1 h4 62. Kf1
h3 63. Ke2 h2 64. Ke3 h1=Q 65. Kd3 Qe4+ 66. Kd2 Bf4+ 67. Kc3 Bg8 68. Kb2 Qe3
69. Kc2 Bh6 70. Kb2 Kh4 71. Kc2 g5 72. Kb2 g4 73. Kc2 g3 74. Kb2 g2 75. Kc2
g1=Q 76. Kb2 Qg2+ 77. Kb1 Qeg1# {White checkmated} 0-1

[Event "ICC tourney 2809 (40 10)"]
[Site "Internet Chess Club"]
[Date "2022.01.29"]
[Round "3"]
[White "Gyorgy, Zalan:z88"]
[Black "ORYE, MATTHEW:GrandWizard"]
[Result "1-0"]
[ICCResult "Black checkmated"]
[WhiteElo "1586"]
[BlackElo "1806"]
[Opening "Ruy Lopez: Berlin defense, 4.O-O"]
[ECO "C65"]
[NIC "RL.07"]
[Time "15:30:21"]
[PlyCount "75"]
[TimeControl "2400+10"]

1. e4 e5 2. Nf3 Nc6 3. Bb5 Nf6 4. O-O Bd6 5. Re1 O-O 6. c3 a6 7. Ba4 b5 8.
Bc2 Bb7 9. d3 Bc5 10. h3 d6 11. Nbd2 Qd7 12. Nf1 Nd8 13. Bg5 Ne6 14. Bxf6
gxf6 15. Nh4 Nf4 16. Nf5 h5 17. N1g3 Rfb8 18. Nxh5 Qd8 19. Nxf4 exf4 20.
Qg4+ Kf8 21. Bb3 Ke8 22. d4 Ba7 23. Ng7+ Kf8 24. e5 Bc8 25. e6 fxe6 26.
Nxe6+ Bxe6 27. Qxe6 Kg7 28. Qg4+ Kh7 29. Qxf4 Qd7 30. Qh4+ Kg7 31. Re3 d5
32. Rg3+ Kf7 33. Re1 Rh8 34. Qe4 Rag8 35. Bxd5+ Kf8 36. Bxg8 c5 37. Qa8+ Qd8
38. Qxd8# {Black checkmated} 1-0

[Event "ICC tourney 2809 (40 10)"]
[Site "Internet Chess Club"]
[Date "2022.01.29"]
[Round "3"]
[White "YUAN, ETHAN:Knighthhhh"]
[Black "SLAGLE, JIM:Jim1108"]
[Result "0-1"]
[ICCResult "White checkmated"]
[WhiteElo "1260"]
[BlackElo "1664"]
[Opening "French: MacCutcheon, Chigorin variation"]
[ECO "C12"]
[NIC "FR.05"]
[Time "15:30:47"]
[PlyCount "68"]
[TimeControl "2400+10"]

1. e4 e6 2. d4 d5 3. Nc3 Nf6 4. Bg5 Bb4 5. e5 h6 6. exf6 hxg5 7. fxg7 Rg8 8.
Qh5 Qf6 9. Bd3 c5 10. a3 Ba5 11. Ne2 cxd4 12. b4 Bb6 13. Nb5 Ke7 14. a4 a6
15. Na3 Qxg7 16. a5 Bc7 17. c4 dxc3 18. Rc1 d4 19. Nc4 Nc6 20. Rb1 f5 21.
Qf3 g4 22. Qxc6 bxc6 23. Bc2 e5 24. Ng3 e4 25. Rd1 d3 26. Ba4 c2 27. Rc1
Qc3+ 28. Nd2 Qxb4 29. Bb3 Bxa5 30. Nf1 Qxb3 31. g3 Qb2 32. Rd1 cxd1=Q+ 33.
Kxd1 Qa1+ 34. Nb1 Qxb1# {White checkmated} 0-1

[Event "ICC tourney 2809 (40 10)"]
[Site "Internet Chess Club"]
[Date "2022.01.29"]
[Round "3"]
[White "OPASKA, MICHAEL:mopaska1106"]
[Black "REDDY, TANVI CHINTHAGUNTA:tcrgm"]
[Result "0-1"]
[ICCResult "White resigns"]
[WhiteElo "1873"]
[BlackElo "1537"]
[Opening "QGD Slav: 4.e3"]
[ECO "D11"]
[NIC "SL.01"]
[Time "15:30:44"]
[PlyCount "72"]
[TimeControl "2400+10"]

1. d4 d5 2. c4 c6 3. Nf3 Nf6 4. e3 Bg4 5. Nc3 e6 6. Qb3 Qc7 7. Be2 Be7 8.
O-O O-O 9. Bd2 Bxf3 10. Bxf3 Nbd7 11. Rac1 Qb8 12. Rfd1 Nb6 13. cxd5 exd5
14. Na4 Nc4 15. Bb4 Re8 16. Bxe7 Rxe7 17. Qc2 Ne4 18. b3 Na3 19. Qb2 Nb5 20.
g3 Qd6 21. Nc5 Ng5 22. Bg2 Qh6 23. a4 Nd6 24. a5 b6 25. Nd3 Rc8 26. Nb4 Nf5
27. Nxd5 Ree8 28. Nf4 bxa5 29. Rc5 Ne7 30. Rxa5 Ne6 31. Nxe6 Qxe6 32. Rxa7
Rb8 33. b4 Nd5 34. Bxd5 Qxd5 35. Rc1 Re6 36. Ra5 Qxa5 {White resigns} 0-1

[Event "ICC tourney 2809 (40 10)"]
[Site "Internet Chess Club"]
[Date "2022.01.29"]
[Round "3"]
[White "SZERENCSY, IAN:iszerencsy"]
[Black "Vishwa, Susheel:sushivishwa"]
[Result "0-1"]
[ICCResult "White resigns"]
[WhiteElo "1733"]
[BlackElo "1796"]
[Opening "English: Anglo-Dutch defense"]
[ECO "A96"]
[NIC "HD.14"]
[Time "15:30:16"]
[PlyCount "66"]
[TimeControl "2400+10"]

1. c4 f5 2. Nc3 d6 3. d4 e6 4. Nf3 Nf6 5. g3 Be7 6. Bg2 O-O 7. O-O Ne4 8.
Qc2 Nxc3 9. bxc3 Nc6 10. Rd1 Qe8 11. Bf4 Bf6 12. Bg5 e5 13. Bxf6 Rxf6 14. e3
e4 15. Nd2 g5 16. a4 g4 17. a5 Qh5 18. Nf1 Nd8 19. c5 Nf7 20. Qb3 Kg7 21. a6
b6 22. Qd5 Rb8 23. Bxe4 Be6 24. Qb7 fxe4 25. Qxb8 Ng5 26. f4 gxf3 27. Kf2
Qh3 28. Ke1 Qg2 29. Qxc7+ Kg6 30. Rd2 f2+ 31. Kd1 Qxf1+ 32. Kc2 Qxa1 33. c4
f1=Q {White resigns} 0-1

[Event "ICC tourney 2809 (40 10)"]
[Site "Internet Chess Club"]
[Date "2022.01.29"]
[Round "3"]
[White "PU, LANDON:landonp"]
[Black "Elkon, Alex N:Sprinless"]
[Result "1-0"]
[ICCResult "Black resigns"]
[WhiteElo "1628"]
[BlackElo "1681"]
[Opening "Caro-Kann: advance variation"]
[ECO "B12"]
[NIC "CK.02"]
[Time "15:30:14"]
[PlyCount "97"]
[TimeControl "2400+10"]

1. e4 c6 2. d4 d5 3. e5 c5 4. dxc5 Nc6 5. Nf3 Bg4 6. Bb5 e6 7. h3 Bxf3 8.
Qxf3 Bxc5 9. O-O Ne7 10. Bg5 Qc7 11. Qg3 Ng6 12. Bxc6+ bxc6 13. Re1 Bd4 14.
c3 Bxe5 15. Qd3 h6 16. Be3 O-O 17. Nd2 c5 18. Nf3 c4 19. Qc2 Bf4 20. Nd4
Bxe3 21. Rxe3 Ne7 22. Rg3 Rab8 23. Re1 Nc6 24. Nf3 Qb6 25. Qd2 Kh8 26. Rb1
d4 27. cxd4 Rfd8 28. Rg4 Rd5 29. Qf4 Rb7 30. Ne5 Nxe5 31. dxe5 Rbd7 32. Qxc4
Rd1+ 33. Rxd1 Rxd1+ 34. Kh2 Rd2 35. Qc8+ Kh7 36. Qf8 g5 37. Qxf7+ Kh8 38.
Rc4 Qb8 39. Rc7 Qxc7 40. Qxc7 Rxf2 41. Qxa7 Rxb2 42. Qa3 Rf2 43. Qe7 Rxa2
44. Qxe6 Rf2 45. Qc8+ Kg7 46. e6 Re2 47. Qd7+ Kf6 48. Qf7+ Ke5 49. e7
{Black resigns}
1-0

[Event "ICC tourney 2809 (40 10)"]
[Site "Internet Chess Club"]
[Date "2022.01.29"]
[Round "3"]
[White "WANG, JACOB S:JACOBCHESS857"]
[Black "ZHUGE, KATHERINE:FlowingMelody"]
[Result "1-0"]
[ICCResult "Black checkmated"]
[WhiteElo "1385"]
[BlackElo "1410"]
[Opening "Sicilian defense"]
[ECO "B40"]
[NIC "SI.43"]
[Time "15:30:19"]
[PlyCount "113"]
[TimeControl "2400+10"]

1. e4 c5 2. Nf3 e6 3. c3 Nf6 4. d3 Be7 5. Be2 O-O 6. O-O d5 7. e5 Nfd7 8.
Re1 Nc6 9. d4 cxd4 10. cxd4 f6 11. exf6 Nxf6 12. Bg5 Ne4 13. Bxe7 Qxe7 14.
Bd3 Ng5 15. Nbd2 Nxf3+ 16. Nxf3 Bd7 17. Bc2 g6 18. Re3 Qf6 19. Qd2 Rac8 20.
Rae1 Rfe8 21. a3 a6 22. R1e2 Re7 23. Ne5 Nxe5 24. Rxe5 Ree8 25. h3 Rc7 26.
Kh2 Rec8 27. Bb3 Rf8 28. g3 Qf3 29. R5e3 Qf7 30. f4 Rfc8 31. Re1 Qf5 32.
R3e2 Bb5 33. g4 Qd3 34. Qxd3 Bxd3 35. Rxe6 Be4 36. R6xe4 Rd7 37. Re8+ Rxe8
38. Rxe8+ Kf7 39. Re5 Kg7 40. Rxd5 Re7 41. Re5 Rd7 42. d5 Kf8 43. Kg3 Kg7
44. Kf3 Kf8 45. Re6 Kg7 46. d6 Kf8 47. Ba4 b5 48. Bb3 a5 49. Bd5 b4 50. axb4
axb4 51. Bc6 Rd8 52. d7 Kf7 53. Re8 Rxe8 54. dxe8=Q+ Kg7 55. Qe7+ Kg8 56.
Bd5+ Kh8 57. Qf6# {Black checkmated} 1-0

[Event "ICC tourney 2809 (40 10)"]
[Site "Internet Chess Club"]
[Date "2022.01.29"]
[Round "3"]
[White "S.M, UMER:uncrackable"]
[Black "WU, JONATHAN:qwerty9078"]
[Result "0-1"]
[ICCResult "White resigns"]
[WhiteElo "1794"]
[BlackElo "1750"]
[Opening "Neo-Grünfeld, 6.O-O, main line"]
[ECO "D79"]
[NIC "QP.06"]
[Time "15:30:20"]
[PlyCount "86"]
[TimeControl "2400+10"]

1. d4 Nf6 2. Nf3 g6 3. g3 Bg7 4. Bg2 O-O 5. O-O c6 6. c4 d5 7. cxd5 cxd5 8.
Nc3 Bf5 9. Ne5 Ne4 10. Qb3 Nc6 11. Rd1 Nxd4 12. Rxd4 Nxc3 13. bxc3 Bxe5 14.
Rb4 Rc8 15. Bd2 b6 16. Rd1 d4 17. Rb5 Bg7 18. e4 Be6 19. Qb1 Bc4 20. Rb4 Be2
21. cxd4 Bxd1 22. Qxd1 Bxd4 23. Qe1 Bg7 24. e5 e6 25. h4 Bxe5 26. Bh6 Bc3
27. Qe4 Bxb4 28. Qxb4 Re8 29. Bh3 Qf6 30. Qa4 Re7 31. Kg2 Rec7 32. Qa6 Rc2
33. Be3 Qc3 34. Kg1 Qe1+ 35. Bf1 Qa5 36. Qd3 Qd5 37. Qa3 Rxa2 38. Qe7 Qd8
39. Qb4 Qf8 40. Qe4 Rb2 41. Qe5 Qg7 42. Qd6 Rbc2 43. Ba6 Qa1+ {White
resigns} 0-1

[Event "ICC tourney 2809 (40 10)"]
[Site "Internet Chess Club"]
[Date "2022.01.29"]
[Round "3"]
[White "MAZUMDAR, SHAURYA:raremystery"]
[Black "Renderer, Winslow Scott:BEASTMODE1"]
[Result "0-1"]
[ICCResult "White checkmated"]
[WhiteElo "1682"]
[BlackElo "1565"]
[Opening "Scandinavian (center counter) defense"]
[ECO "B01"]
[NIC "SD.02"]
[Time "15:30:19"]
[PlyCount "118"]
[TimeControl "2400+10"]

1. e4 d5 2. exd5 Qxd5 3. Nc3 Qd8 4. d4 Nf6 5. Nf3 Bf5 6. Bc4 e6 7. O-O Bd6
8. Re1 O-O 9. Bg5 Be7 10. d5 exd5 11. Nxd5 Bd6 12. Nxf6+ gxf6 13. Bh6 Re8
14. Qd5 Be6 15. Qxb7 Nd7 16. Qe4 f5 17. Qd4 Qf6 18. Bxe6 fxe6 19. Qxf6 Nxf6
20. Nd4 Kf7 21. f3 Rab8 22. Rab1 Rb6 23. Be3 Nd5 24. Bd2 Bc5 25. c3 a5 26.
Kh1 a4 27. b3 Reb8 28. Rec1 Bxd4 29. cxd4 axb3 30. axb3 Rxb3 31. Rxb3 Rxb3
32. Ba5 Rb7 33. h3 Ra7 34. Rc5 Ke7 35. f4 Kd7 36. g3 Rb7 37. Bc3 Rb3 38. Be1
Rb1 39. Kg2 Rxe1 40. Kf3 Re3+ 41. Kf2 Rd3 42. Rc4 Nb6 43. Rb4 Kc6 44. g4
Rxh3 45. gxf5 exf5 46. Kg2 Rd3 47. Kf2 Kd5 48. Rb5+ Ke4 49. Re5+ Kxf4 50.
Re7 Nd5 51. Rxh7 Rxd4 52. Rd7 c5 53. Ke2 Nc3+ 54. Kf2 Rxd7 55. Kg2 Ne4 56.
Kh3 Rg7 57. Kh2 Kf3 58. Kh1 Kf2 59. Kh2 Rh7# {White checkmated} 0-1

[Event "ICC tourney 2809 (40 10)"]
[Site "Internet Chess Club"]
[Date "2022.01.29"]
[Round "4"]
[White "ORYE, MATTHEW:GrandWizard"]
[Black "JACKSON, MASSIMO MATEO:Yeetamus123"]
[Result "0-1"]
[ICCResult "White checkmated"]
[WhiteElo "1806"]
[BlackElo "1093"]
[Opening "Nimzovich-Larsen attack: modern variation"]
[ECO "A01"]
[NIC "VO.08"]
[Time "17:46:49"]
[PlyCount "36"]
[TimeControl "2400+10"]

1. b3 e5 2. Bb2 Nc6 3. Nc3 d5 4. Nxd5 Qxd5 5. e4 Qxe4+ 6. Be2 Qxg2 7. Bf3
Qg5 8. Bxc6+ bxc6 9. Nf3 Qh5 10. Bxe5 Bg4 11. Qe2 Bxf3 12. Qe3 Ne7 13. Rg1
Nd5 14. Qd4 Bc5 15. Qb2 Qh4 16. Rg3 Qe4+ 17. Kf1 Qe2+ 18. Kg1 Bxf2#
{White checkmated}
0-1

[Event "ICC tourney 2809 (40 10)"]
[Site "Internet Chess Club"]
[Date "2022.01.29"]
[Round "4"]
[White "GINZBURG, LIORA:Liopleuradon15"]
[Black "S.M, UMER:uncrackable"]
[Result "0-1"]
[ICCResult "White checkmated"]
[WhiteElo "1656"]
[BlackElo "1794"]
[Opening "King's Indian: Petrosian system, Stein variation"]
[ECO "E92"]
[NIC "KI.17"]
[Time "17:45:21"]
[PlyCount "48"]
[TimeControl "2400+10"]

1. Nf3 Nf6 2. d4 g6 3. c4 Bg7 4. Nc3 O-O 5. e4 d6 6. Be2 e5 7. d5 a5 8. O-O
Na6 9. Na4 Nxe4 10. Be3 f5 11. Rc1 f4 12. Bd2 Nxd2 13. Qxd2 Bd7 14. Qc2 e4
15. Nd2 f3 16. gxf3 Bh3 17. Nxe4 Bxf1 18. Rxf1 Qh4 19. Ng3 Rae8 20. a3 Be5
21. c5 Rf5 22. cxd6 Rh5 23. h3 Qxh3 24. Nxh5 Qh2# {White checkmated} 0-1

[Event "ICC tourney 2809 (40 10)"]
[Site "Internet Chess Club"]
[Date "2022.01.29"]
[Round "4"]
[White "ANNAGELDIYEV, ASHYR:Ashyr"]
[Black "DALONZO, JONATHAN:JDD01"]
[Result "1-0"]
[ICCResult "Black resigns"]
[WhiteElo "1712"]
[BlackElo "1649"]
[Opening "Sicilian: Grand Prix attack"]
[ECO "B21"]
[NIC "SI.48"]
[Time "17:45:25"]
[PlyCount "49"]
[TimeControl "2400+10"]

1. e4 c5 2. f4 Nf6 3. Nc3 d5 4. e5 Ne4 5. Nf3 Bg4 6. Bb5+ Nc6 7. d3 Nxc3 8.
bxc3 Qa5 9. Bxc6+ bxc6 10. Bd2 Qa4 11. O-O e6 12. h3 Bxf3 13. Rxf3 c4 14. d4
g6 15. g4 Ba3 16. Rb1 Qa6 17. f5 gxf5 18. gxf5 Rg8+ 19. Kh2 Qc8 20. fxe6
Qxe6 21. Rf6 Qd7 22. Qh5 Rg7 23. e6 Bd6+ 24. Kh1 Qc7 25. exf7+ {Black
resigns} 1-0